 Dungeon Crawl Stone Soup version 0.19.4 (webtiles) character file.

199 EvilYahweh the Ruffian (level 5, -2/45 HPs)
             Began as a Minotaur Monk on Feb 6, 2017.
             Succumbed to a goblin's poison
             ... on level 3 of the Dungeon.
             The game lasted 00:07:13 (3215 turns).

EvilYahweh the Ruffian (Minotaur Monk)              Turns: 3215, Time: 00:07:13

Health: -2/45      AC:  8    Str: 13 (16) XL:     5   Next: 48%
Magic:  4/4        EV:  7    Int:  5 (7)  God:
Gold:   101        SH:  0    Dex: 12 (13) Spells: 0 memorised, 4 levels left

rFire  . . .     SeeInvis .       - Unarmed
rCold  . . .     Gourm    .     j - +0 chain mail
rNeg   . . .     Faith    .     (no shield)
rPois  .         Spirit   .     (helmet restricted)
rElec  .         Reflect  .     (no cloak)
rCorr  .         Harm     .     a - -1 pair of gloves
MR     .....                    (no boots)
Stlth  ..........               (no amulet)
                                (no ring)
                                l - ring of stealth

@: lethally poisoned (-2 -> -48)
A: retaliatory headbutt, horns 2
a: no special abilities


You were on level 3 of the Dungeon.
You were not hungry.

You visited 1 branch of the dungeon, and saw 3 of its levels.

You collected 101 gold pieces.

Inventory:

Armour
 a - a -1 pair of gloves (worn)
 j - a +0 chain mail (worn)
Jewellery
 l - a ring of stealth (left hand)
Scrolls
 c - a scroll of enchant weapon {unknown}
 d - a scroll of remove curse
 e - a scroll of teleportation {unknown}
 f - a scroll of amnesia {unknown}
 h - 4 scrolls of identify {unknown}
 k - a scroll of immolation {unknown}
 m - 6 scrolls of fear {unknown}
 n - a scroll of random uselessness {unknown}
Potions
 o - a potion of cure mutation
Comestibles
 b - 2 bread rations
 i - 3 fruits
 p - a meat ration


   Skills:
 - Level 3.6 Fighting
 * Level 4.7 Dodging
 - Level 1.5 Stealth
 + Level 5.9 Unarmed Combat


You had 4 spell levels left.
You didn't know any spells.

Dungeon Overview and Level Annotations

Branches:
Dungeon (3/15)

Altars:
Xom


Innate Abilities, Weirdness & Mutations

You reflexively headbutt those who attack you in melee.
You have a pair of horns on your head.


Message History

You feel weakened.
You feel dopey.
You feel clumsy.
* * * LOW HITPOINT WARNING * * *
You feel very sick.
The ball python bites you but does no damage.
The ball python constricts you. The goblin hits you but does no damage.
The ball python barely misses you. The ball python constricts you.
You punch the goblin!
You kill the goblin!
* * * LOW HITPOINT WARNING * * *
You feel very sick.
The ball python bites you but does no damage.
The ball python constricts you.
You escape the ball python's grasp.
* * * LOW HITPOINT WARNING * * *
You feel very sick.
Items here: % )) รท a dagger of venom; a dagger; a chunk of flesh; a goblin skeleton Unknown command.
You closely miss the ball python.
You die...

####.######.##.# ## #.#
#..... .. ##.## ####.# #.
#...# #.. ##.
#...########## ..
#.........####
#.#####.........#...
..#.##.#.............#.##
.......S@..............##
..#.##.#.)...........###.
...###.#.........# #.
..... #.....<.....# #
....... #.#.[..###### #.
....##. #.#....# #. .##.
#. .....#.# ## . #>
#.......# ..####.#


You could see a ball python.

Vanquished Creatures
  Jessica (D:2)
  Ijyb (D:2)
  Robin (D:2)
  A gnoll (D:1)
  4 adders
  4 worms (D:2)
  A dart slug (D:2)
  3 leopard geckos
  2 orcs (D:3)
  8 bats
  2 giant cockroaches (D:2)
  19 goblins
  10 hobgoblins
  A frilled lizard (D:2)
  8 kobolds
  6 rats
72 creatures vanquished.

Notes
Turn   | Place    | Note
-------+----------+-------------------------------------------
     0 | D:1      | EvilYahweh the Minotaur Monk began the quest for the Orb.
     0 | D:1      | Reached XP level 1. HP: 19/19 MP: 0/0
   493 | D:1      | Reached skill level 4 in Unarmed Combat
   493 | D:1      | Reached XP level 2. HP: 18/26 MP: 1/1
   849 | D:1      | Reached XP level 3. HP: 14/31 MP: 2/2
  1469 | D:2      | Reached skill level 5 in Unarmed Combat
  1941 | D:2      | Noticed Jessica
  1949 | D:2      | Killed Jessica
  1949 | D:2      | Reached XP level 4. HP: 22/39 MP: 3/3
  2188 | D:2      | Noticed Ijyb
  2202 | D:2      | Killed Ijyb
  2548 | D:2      | Reached XP level 5. HP: 45/45 MP: 4/4
  2691 | D:2      | Noticed Robin
  2733 | D:2      | Killed Robin
  3087 | D:3      | Found a shimmering altar of Xom.
  3214 | D:3      | HP: 1/45 [poisoned by a goblin]
  3215 | D:3      | Succumbed to a goblin's poison

Skill      XL: |  1  2  3  4 |
---------------+-------------+-----
Unarmed Combat | 4 5 |  5.9
Dodging        | 4 |  4.7
Fighting       | |  3.6
Stealth        | |  1.5

Action                   |  1- 3 |  4- 6 || total
-------------------------+-------+-------++-------
Melee: Unarmed           |    90 |   104 ||   194
       Headbutt          |    18 |    12 ||    30
       Punch             |     1 |     1 ||     2
  Use: Potion            |       |     2 ||     2
       Scroll            |       |     1 ||     1
 Stab: Sleeping          |     4 |       ||     4
  Eat: Chunk             |     3 |     4 ||     7
Armor: Robe              |     4 |       ||     4
       Chain mail        |    12 |    55 ||    67
Dodge: Dodged            |    36 |    29 ||    65
